 Dungeon Crawl Stone Soup version 0.30.1-6-gbe392663c4 (webtiles) character file.

Game seed: 9318921753537126159

1276 Kurtz the Cleaver (level 8, -1/46 HPs)
             Began as a Tengu Fighter on Sept 20, 2023.
             Was a Believer of Okawaru.
             Slain by a gnoll sergeant
             ... wielding a +0 trident
              (7 damage)
             ... on level 5 of the Dungeon.
             The game lasted 00:04:21 (4885 turns).

Kurtz the Cleaver (Tengu Fighter)                   Turns: 4885, Time: 00:04:22

Health: -1/46      AC: 15    Str: 18    XL:     8   Next: 54%
Magic:  10/10      EV: 12    Int:  8    God:    Okawaru [**....]
Gold:   160        SH:  5    Dex: 15    Spells: 7/7 levels left

rFire   . . .        D - +2 flail (protect)
rCold   . . .        c - +0 buckler
rNeg    . . .        b - +0 scale mail
rPois   .            (helmet restricted)
rElec   .            (no cloak)
rCorr   .            y - +0 pair of gloves
SInv    .            (boots unavailable)
Will    .....        (no amulet) Stlth
                     (no ring)
HPRegen 0.27/turn    (no ring)
MPRegen 0.12/turn

%: no passive effects
@: mighty, under a protective aura, flying quickly and evasively, quick
A: beak, talons 3, nimble flight
a: Renounce Religion, Heroism


You were on level 5 of the Dungeon.
You worshipped Okawaru.
Okawaru was pleased with you.
You visited 2 branches of the dungeon, and saw 6 of its levels.

You collected 160 gold pieces.

Inventory:

Hand Weapons
 a - a +0 war axe
 D - a +2 flail of protection (weapon)
Missiles
 f - 19 poisoned darts
 q - a throwing net (quivered)
 x - 6 javelins
Armour
 b - a +0 scale mail (worn)
 c - a +0 buckler (worn)
 y - a +0 pair of gloves (worn)
Jewellery
 p - a ring of ice
 r - a ring of protection from fire
 t - a ring of magical power
Wands
 C - a wand of roots (3)
Scrolls
 e - a scroll of noise {unknown}
 h - 6 scrolls of identify {unknown}
 j - a scroll of poison {unknown}
 k - 2 scrolls of teleportation {unknown}
 m - 2 scrolls of blinking {unknown}
 n - a scroll of enchant weapon {unknown}
 s - a scroll of magic mapping {unknown}
 v - 3 scrolls of silence {unknown}
 w - a scroll of immolation {unknown}
 B - a scroll of vulnerability {unknown}
 F - a scroll of torment {unknown}
Potions
 g - 4 potions of curing
 i - a potion of attraction {unknown}
 l - a potion of mutation {unknown}
 o - a potion of flight {unknown}
 u - a potion of ambrosia {unknown}
 z - a potion of heal wounds {unknown}
 A - a potion of cancellation {unknown}
 E - a potion of brilliance {unknown}


   Skills:
 - Level 3.0 Fighting
 * Level 10.6 Axes
 - Level 3.2 Armour
 * Level 2.1 Dodging
 - Level 3.0 Shields
 * Level 1.8 Invocations


You had 7 spell levels left.
You didn't know any spells.
Your spell library contained the following spells:

 Spells                   Type           Power      Damage    Failure   Level
 Apportation              Tloc           0%         N/A       86%         1
 Beastly Appendage        Tmut           0%         N/A       86%         1
 Necrotise                Necr           0%         1d4       86%         1
 Wereblood                Tmut           0%         N/A       95%         2
 Spider Form              Tmut/Pois      0%         N/A       99%         3
 Orb of Destruction       Conj           0%         9d5       100%        7
 Summon Small Mammal      Summ           Unusable   N/A       N/A         1
 Summon Guardian Golem    Hex/Summ       Unusable   N/A       N/A         3
 Spellforged Servitor     Conj/Summ      Unusable   N/A       N/A         7

Dungeon Overview and Level Annotations

Branches:
Dungeon (5/15)             Temple (1/1) D:5

Altars:
Ashenzari
Elyvilon
Fedhas
Gozag
Hepliaklqana
Nemelex Xobeh
Okawaru
Qazlal
Sif Muna
Trog
Uskayaw
Wu Jian
Xom
Zin


Innate Abilities, Weirdness & Mutations

You have a beak for a mouth.
You have claws for feet.
Your magical nature lets you fly swiftly and evasively.


Message History

The water moccasin bites you but does no damage.
It was a potion of curing.
You feel better. You block the gnoll sergeant's attack.
The water moccasin closely misses you.
You feel better. The gnoll sergeant closely misses you.
The water moccasin bites you but does no damage.
You barely miss the gnoll sergeant. Your kick misses the gnoll sergeant.
The gnoll sergeant is almost dead.
The water moccasin bites you. The gnoll sergeant closely misses you.
The water moccasin bites you.
* * * LOW HITPOINT WARNING * * *
Unknown command.
The gnoll sergeant closely misses you.
The water moccasin attacks as you move away!
The water moccasin bites you!
* * * LOW HITPOINT WARNING * * *
You feel better. The water moccasin misses you.
The water moccasin closely misses you.
You feel very mighty all of a sudden. The water moccasin barely misses you.
The gnoll sergeant closely misses you.
You barely miss the water moccasin. The water moccasin misses you.
The gnoll sergeant hits you but does no damage.
The water moccasin barely misses you.
You closely miss the water moccasin. Your kick misses the water moccasin.
The water moccasin barely misses you.
The gnoll sergeant hits you from afar with a +0 trident.
* * * LOW HITPOINT WARNING * * *
The water moccasin barely misses you.
Unknown command.
You bludgeon the water moccasin!!
Your weapon exudes an aura of protection.
You claw the water moccasin.
The water moccasin is severely wounded.
You block the gnoll sergeant's attack.
The water moccasin bites you but does no damage.
The gnoll sergeant barely misses you.
You thump the water moccasin!
You kill the water moccasin!
Okawaru accepts your kill.
The gnoll sergeant hits you from afar with a +0 trident!
You die...

######################
#.#.#...#.#.#........#
##.#g†...#.##.######.#
#.#).#@#..#.#.# #.#
#.g##.##..##.# #.#
#..##...##..#.# #.##
#.##..†..##)#.# #...
#..##...##..#.# #...
##..##.##..##.# #...
#..###..#.#.# #...
#..#..#.##.# #...
#...#.#.#.# #...


You could see a gnoll sergeant.

Vanquished Creatures
  Grinder (D:3)
  Edmund (D:4)
  2 water moccasins (D:5)
  An ogre (D:5)
  A centaur (D:5)
  A gnoll sergeant (D:5)
  3 scorpions (D:5)
  A killer bee (D:5)
  2 hounds
  2 jellies (D:5)
  An orc priest (D:5)
  Jessica (D:3)
  An iguana (D:5)
  5 adders
  4 gnolls
  A white imp (D:5)
  4 dart slugs
  11 orcs
  8 ball pythons
  12 endoplasms
  4 giant cockroaches
  8 goblins
  8 hobgoblins
  4 quokkas
  9 bats
  3 frilled lizards
  9 kobolds
  5 rats
113 creatures vanquished.

Notes
Turn   | Place    | Note
-------+----------+-------------------------------------------
     0 | D:1      | Kurtz the Tengu Fighter began the quest for the Orb.
     0 | D:1      | Reached XP level 1. HP: 14/14 MP: 2/2
    54 | D:1      | Reached skill level 3 in Axes
    54 | D:1      | Reached XP level 2. HP: 10/19 MP: 3/3
   610 | D:1      | Reached XP level 3. HP: 18/23 MP: 4/4
  1048 | D:2      | Reached skill level 4 in Axes
  1455 | D:2      | Reached XP level 4. HP: 28/28 MP: 5/5
  1848 | D:3      | Noticed Grinder
  1852 | D:3      | Paralysed by Grinder for 4 turns
  1889 | D:4      | Reached skill level 5 in Axes
  1972 | D:3      | Paralysed by Grinder for 2 turns
  1979 | D:3      | Killed Grinder
  1980 | D:3      | Reached skill level 7 in Axes
  1980 | D:3      | Gained mutation: Your magical nature lets you fly swiftly
                  | and evasively. [Tengu growth]
  1980 | D:3      | Reached XP level 5. HP: 10/32 MP: 6/6
  1980 | D:3      | Reached XP level 6. HP: 12/37 MP: 7/7
  2591 | D:3      | Found a faded altar of an unknown god.
  2593 | D:3      | Noticed Jessica
  2598 | D:3      | Killed Jessica
  2879 | D:4      | Noticed Edmund
  3076 | D:4      | You are sucked into a shaft and drop 1 floor!
  3076 | D:5      | Entered Level 5 of the Dungeon
  3076 | D:5      | Found a staircase to the Ecumenical Temple.
  3116 | Temple   | Entered the Ecumenical Temple
  3134 | Temple   | Became a worshipper of Warmaster Okawaru
  3276 | D:5      | Found a broken altar of Ashenzari.
  3276 | D:5      | Found an ornate altar of the Wu Jian Council.
  3287 | D:5      | Reached skill level 8 in Axes
  3287 | D:5      | Reached XP level 7. HP: 38/41 MP: 8/8
  3703 | D:4      | Found a blossoming altar of Fedhas.
  3908 | D:4      | Killed Edmund
  3908 | D:4      | Reached * piety under Okawaru
  3909 | D:4      | Reached skill level 9 in Axes
  3909 | D:4      | Reached skill level 1 in Dodging
  4294 | D:5      | Reached skill level 1 in Invocations
  4403 | D:5      | Found a sparkling altar of Nemelex Xobeh.
  4535 | D:5      | Reached XP level 8. HP: 46/46 MP: 9/9
  4715 | D:5      | Reached skill level 10 in Axes
  4805 | D:5      | Reached ** piety under Okawaru
  4885 | D:5      | Slain by a gnoll sergeant

Illustrated notes

Levels and vault maps discovered:
D:1:      dpeg_arrival_solitude, layout_loops_ring,
          chequers_serial_rivers_micro_c
D:2:      layout_loops_ring
D:3:      minmay_chambers_of_threes, layout_basic,
          ebering_ecumenical_altar_hall, uniq_jessica, uniq_grinder
D:4:      layout_cave_pools, mainiacjoe_overflow_six_doors_small, minivault_24,
          uniq_edmund
D:5:      minmay_diamond_boxcup, layout_basic, nemelex_diamond_rough_becter,
          chequers_temple_overflow_statue_of_worship,
          minmay_temple_entry_metal_lava
Temple:   hellmonk_temple_rainy

Skill      XL: |  1  2  3  4  5  6  7  8 |
---------------+-------------------------+-----
Axes           | 3 4 7 8 9 10 | 10.6
Dodging        | 1 2 |  2.1
Invocations    | 1 |  1.8
Fighting       | |  3.0
Armour         | |  3.2
Shields        | |  3.0

Action                     |  1- 3 |  4- 6 |  7- 9 || total
---------------------------+-------+-------+-------++-------
  Melee: War axe           |    77 |    93 |    52 ||   222
         Kick              |    17 |    23 |    39 ||    79
         Peck              |     8 |     8 |    22 ||    38
         Flail             |       |       |    53 ||    53
  Throw: Throwing net      |       |       |     1 ||     1
    Use: Potion            |       |       |     4 ||     4
   Stab: Held in net/web   |       |       |     4 ||     4
 Armour: Scale mail        |    38 |    39 |    48 ||   125
  Dodge: Dodged            |    34 |    38 |    67 ||   139
  Block: Buckler           |    14 |    21 |    22 ||    57
